 Dungeon Crawl Stone Soup version 0.21.1-1-g345015f (webtiles) character file.

679 Falco the Cudgeler (level 7, -7/44 HPs)
             Began as a Gargoyle Monk on May 7, 2018.
             Was a Priest of Dithmenos.
             Mangled by an orc warrior
             ... wielding a +0 dire flail
              (17 damage)
             ... on level 5 of the Dungeon.
             The game lasted 00:20:37 (5099 turns).

Falco the Cudgeler (Gargoyle Monk)                  Turns: 5099, Time: 00:20:37

Health: -7/44      AC: 16    Str: 15    XL:     7   Next: 60%
Magic:  7/7        EV: 11    Int: 11    God:    Dithmenos [***...]
Gold:   182        SH:  0    Dex: 13    Spells: 6/6 levels left

rFire    . . .     SeeInvis .   a - +0 mace
rCold    . . .     Gourm    .   (no shield)
rNeg     + . .     Faith    .   l - +0 scale mail
rPois    ∞         Spirit   .   f - +2 helmet
rElec    +         Reflect  .   g - +0 cloak
rCorr    .         Harm     .   (no gloves)
MR       .....                  e - +0 pair of boots
Stlth    +.........             (no amulet)
HPRegen  0.14/turn              (no ring)
MPRegen  0.10/turn              (no ring)

@: wreathed by umbra
A: negative energy resistance 1, electricity resistance, unbreathing,
petrification resistance, rot immunity, AC +4
a: Shadow Step, Renounce Religion


You were on level 5 of the Dungeon.
You worshipped Dithmenos.
Dithmenos was most pleased with you.
You were not hungry.

You visited 1 branch of the dungeon, and saw 5 of its levels.
You also visited: Sewer.

You collected 182 gold pieces.

Inventory:

Hand Weapons
 a - a +0 mace (weapon)
 b - a +2 hunting sling of freezing
 u - a +0 morningstar
 z - a +0 mace
Missiles
 d - 56 sling bullets
 i - a throwing net (quivered)
 m - 21 poisoned needles
 n - 240 stones
 t - 48 arrows
 B - 15 bolts
 C - 5 tomahawks
Armour
 e - a +0 pair of boots (worn)
 f - a +2 helmet (worn)
 g - a +0 cloak (worn)
 l - a +0 scale mail (worn)
Wands
 p - a wand of iceblast (6)
Scrolls
 h - 5 scrolls of teleportation
 j - a scroll of magic mapping
 q - a scroll of amnesia {unknown}
 v - 2 scrolls of blinking {unknown}
 x - a scroll of random uselessness {unknown}
 y - a scroll of remove curse
 A - a scroll of fear {unknown}
Potions
 k - a potion of ambrosia
 o - 2 potions of agility
 r - a potion of cancellation
 w - a potion of curing {unknown}
Comestibles
 c - 8 rations


   Skills:
 + Level 5.1 Fighting
 + Level 6.0 Maces & Flails
 + Level 2.6 Armour
 + Level 4.0 Dodging
 + Level 2.6 Stealth


You had 6 spell levels left.
You didn't know any spells.

Dungeon Overview and Level Annotations

Branches:
Dungeon (5/15)             Temple (0/1) D:5

Altars:
Ashenzari
Dithmenos
Elyvilon
Fedhas
Okawaru
Uskayaw
Xom
Zin


Innate Abilities, Weirdness & Mutations

You are resistant to torment.
Your stone body is resilient. (AC +4)
You are immune to poison.
You resist negative energy. (rN+)
You are resistant to electric shocks. (rElec)
You can survive without breathing.
You are immune to petrification.
You are immune to rotting.


Message History

You closely miss the orc wizard.
Your scale mail prevents you from hitting the orc wizard.
You hit the orc warrior.
The orc warrior is moderately wounded.
You hit the orc warrior.
The orc warrior is heavily wounded.
The orc warrior hits you with a dire flail!
You hit the orc warrior but do no damage.
The orc warrior is heavily wounded.
The orc warrior closely misses you.
You closely miss the orc warrior.
The orc warrior is heavily wounded.
The orc warrior hits you with a dire flail!
You hit the orc warrior but do no damage.
The orc warrior is moderately wounded.
The orc warrior hits you with a dire flail!
* * * LOW HITPOINT WARNING * * *
It was a potion of magic.
Magic courses through your body.
The orc warrior hits you with a dire flail!
You die...

.⌠##
#.#..o....#
>.##
#.#o..oo.o#
.⌠##
#.#.8o..8.#
####
#.#...o...#
####
#.##.....##
#.##8.oo8#
#.###.oo##
#.####o##
#...@oo#
########


You could see 2 orc warriors, an orc wizard and an orc.

Vanquished Creatures
  A bullfrog (D:2)
  5 howler monkeys
  2 crimson imps (D:5)
  2 orc priests
  An iguana (D:5)
  A worker ant (D:4)
  A hound skeleton (D:4)
  5 adders
  4 worms
  A dart slug (D:4)
  4 leopard geckos
  17 orcs
  6 bats
  6 giant cockroaches
  12 goblins
  5 hobgoblins (D:2)
  24 jackals
  11 kobolds
  A quokka (D:3)
  2 ball pythons (Sewer)
  10 frilled lizards
  A jackal zombie (D:5)
  11 rats
133 creatures vanquished.

Vanquished Creatures (others)
  An orc wizard (D:3)
1 creature vanquished.

Grand Total: 134 creatures vanquished

Notes
Turn   | Place    | Note
-------+----------+-------------------------------------------
     0 | D:1      | Falco the Gargoyle Monk began the quest for the Orb.
     0 | D:1      | Reached XP level 1. HP: 14/14 MP: 1/1
   173 | D:1      | Reached XP level 2. HP: 19/19 MP: 2/2
   174 | D:1      | Found a shattered altar of Ashenzari.
   500 | D:1      | Reached XP level 3. HP: 12/24 MP: 3/3
  1146 | D:2      | Noticed a bullfrog
  1160 | D:2      | Killed a bullfrog
  1160 | D:2      | Reached XP level 4. HP: 26/29 MP: 4/4
  1316 | D:2      | Reached skill level 4 in Maces & Flails
  1357 | D:2      | Reached XP level 5. HP: 31/33 MP: 5/5
  1809 | D:2      | Found an iron altar of Okawaru.
  2003 | D:3      | Reached skill level 1 in Armour
  2130 | D:3      | Found a glowing drain.
  2139 | Sewer    | Entered a sewer
  2187 | Sewer    | Reached XP level 6. HP: 37/39 MP: 6/6
  2804 | D:3      | Found a hide-covered altar of Uskayaw.
  2806 | D:3      | Found a shadowy altar of Dithmenos.
  2809 | D:3      | Found a shimmering altar of Xom.
  2810 | D:3      | Found a glowing silver altar of Zin.
  2810 | D:3      | Found a blossoming altar of Fedhas.
  2810 | D:3      | Found a white marble altar of Elyvilon.
  2816 | D:3      | Became a worshipper of Dithmenos the Shadowed
  2816 | D:3      | Reached * piety under Dithmenos
  2816 | D:3      | Reached ** piety under Dithmenos
  3584 | D:4      | Reached skill level 5 in Maces & Flails
  3800 | D:4      | Found Guqihara's General Store.
  4345 | D:5      | Entered Level 5 of the Dungeon
  4398 | D:5      | Reached XP level 7. HP: 21/44 MP: 7/7
  4716 | D:5      | Reached skill level 5 in Fighting
  4888 | D:5      | Reached *** piety under Dithmenos
  4975 | D:5      | Found a staircase to the Ecumenical Temple.
  5038 | D:5      | Found a runed door.
  5057 | D:5      | Reached skill level 6 in Maces & Flails
  5099 | D:5      | Mangled by an orc warrior

Skill      XL: |  1  2  3  4  5  6  7 |
---------------+----------------------+-----
Fighting       | 4 5 |  5.1
Dodging        | 3 4 |  4.0
Maces & Flails | 4 5 6 |  6.0
Armour         | 1 2 |  2.6
Stealth        | |  2.6

Action                   |  1- 3 |  4- 6 |  7- 9 || total
-------------------------+-------+-------+-------++-------
Melee: Mace              |   113 |   399 |   109 ||   621
  Use: Scroll            |     2 |     5 |       ||     7
       Potion            |       |       |     4 ||     4
 Stab: Sleeping          |     3 |       |       ||     3
  Eat: Ration            |     1 |     3 |     1 ||     5
Armor: Robe              |    62 |       |       ||    62
       Scale mail        |    19 |   301 |    63 ||   383
       Leather armour    |     6 |       |       ||     6
Dodge: Dodged            |   150 |   382 |   109 ||   641
